 Dungeon Crawl Stone Soup version 0.17.1-2-g5865329 (webtiles) character file.

172 Jobasha the Ducker (level 5, -3/38 HPs)
             Began as a Demonspawn Gladiator on Jan 26, 2016.
             Slain by a gnoll
             ... wielding a +0 spear
              (4 damage)
             ... on level 3 of the Dungeon.
             The game lasted 00:17:33 (2957 turns).

Jobasha the Ducker (Demonspawn Gladiator)           Turns: 2957, Time: 00:17:33

Health: -3/38      AC:  3    Str: 15    XL:     5   Next: 27%
Magic:  5/5        EV: 14    Int: 10    God:
Gold:   95         SH:  0    Dex: 14    Spells: 0 memorised, 4 levels left

rFire  . . .     SeeInvis .     r - +1 dagger (drain)
rCold  . . .     Clarity  .     o - +0 robe
rNeg   . . .     SustAt   .     (no shield)
rPois  .         Gourm    .     c - +0 helmet
rElec  .         Spirit   .     (no cloak)
rCorr  .         Warding  .     (no gloves)
rMut   .         Stasis   .     (no boots)
MR     .....                    (no amulet)
Stlth  +.........               (no ring)
                                (no ring)

@: not resistant to hostile enchantments, very unstealthy
A: spiny 1, rot immunity
a: no special abilities


You were on level 3 of the Dungeon.
You were hungry.

You visited 1 branch of the dungeon, and saw 3 of its levels.

You collected 95 gold pieces.

Inventory:

Hand Weapons
 a - a +0 long sword
 r - a +1 dagger of draining (weapon)
Missiles
 d - 3 throwing nets (quivered)
Armour
 b - a +0 leather armour
 c - a +0 helmet (worn)
 j - a +0 ring mail
 o - a +0 robe (worn)
Wands
 g - a wand of flame (19)
Scrolls
 h - a scroll of recharging {unknown}
 l - a scroll of remove curse {unknown}
 m - a scroll of fear {unknown}
 q - a scroll of teleportation {unknown}
Comestibles
 e - 3 bread rations
 i - a meat ration
 k - 4 fruits
 p - a slice of pizza


   Skills:
 + Level 2.2 Fighting
 + Level 0.5(2.2) Short Blades
 + Level 3.5(3.6) Long Blades
 + Level 1.9 Throwing
 + Level 1.7 Armour
 + Level 4.0 Dodging
 + Level 0.4 Stealth
 + Level 0.2 Evocations


You had 4 spell levels left.
You didn't know any spells.

Dungeon Overview and Level Annotations

Branches:
Dungeon (3/15)

Altars:
Kikubaaqudgha
Makhleb

Annotations:
D:3 Armus69's ghost, amateur MiFi


Innate Abilities, Weirdness & Mutations

You are partially covered in sharp spines.
You are immune to rotting.


Message History

* * * LOW HITPOINT WARNING * * *
You barely miss Armus69's ghost. The gnoll closely misses you.
Armus69's ghost is struck by your spines.
Armus69's ghost closely misses you.
You hit Armus69's ghost but do no damage.
Armus69's ghost is lightly damaged.
The gnoll hits you from afar with a spear.
* * * LOW HITPOINT WARNING * * *
Armus69's ghost hits you but does no damage.
You barely miss Armus69's ghost.
Armus69's ghost is lightly damaged.
The gnoll hits you but does no damage.
Armus69's ghost is struck by your spines.
Armus69's ghost barely misses you.
You hit Armus69's ghost but do no damage.
Armus69's ghost is lightly damaged.
Armus69's ghost hits you.
* * * LOW HITPOINT WARNING * * *
The gnoll hits you from afar with a spear.
You die...

......$. ##......
...... #.... #...##.#
######.)....# .......g#
#######W# #@# #.###
##########...#
#.......##.#.###
#.#####....#...########
#.....#####.##.....###
#.##....#...#........#
.. #.#..#........#.#.#
...
...##...###..#.#.#.#


You could see Armus69's ghost and a gnoll.

Vanquished Creatures
  An orc wizard (D:3)
  Terence (D:3)
  A gnoll (D:3)
  2 adders
  3 worms
  3 giant geckos
  6 orcs (D:3)
  A ball python (D:1)
  3 bats
  4 giant cockroaches
  9 goblins
  10 hobgoblins
  3 jackals (D:2)
  3 giant newts
  10 kobolds
  9 rats
69 creatures vanquished.

Notes
Turn   | Place    | Note
--------------------------------------------------------------
     0 | D:1      | Jobasha the Demonspawn Gladiator began the quest for the Orb.
     0 | D:1      | Reached XP level 1. HP: 16/16 MP: 1/1
   237 | D:1      | Reached skill level 3 in Long Blades
   237 | D:1      | Gained mutation: You are immune to rotting. [demonic ancestry]
   237 | D:1      | Reached XP level 2. HP: 15/22 MP: 2/2
   940 | D:2      | Reached XP level 3. HP: 27/27 MP: 3/3
  1049 | D:2      | Found an ancient bone altar of Kikubaaqudgha.
  1224 | D:2      | Found a faded altar to an unknown god.
  2043 | D:2      | Reached XP level 4. HP: 28/33 MP: 4/4
  2446 | D:3      | Noticed Terence
  2461 | D:3      | Killed Terence
  2461 | D:3      | Reached skill level 1 in Armour
  2669 | D:3      | Found a burning altar of Makhleb.
  2938 | D:3      | Noticed Armus69's ghost (amateur MiFi)
  2938 | D:3      | Gained mutation: You are partially covered in sharp spines. [demonic ancestry]
  2938 | D:3      | Reached XP level 5. HP: 24/38 MP: 5/5
  2950 | D:3      | Reached skill level 4 in Dodging
  2957 | D:3      | HP: 1/38 [Armus69's ghost (4)]
  2957 | D:3      | Slain by a gnoll

Action                   |  1- 3 |  4- 6 || total
-------------------------+-------+-------++-------
Melee: Long sword        |   139 |     5 ||   144
       Dagger            |       |   119 ||   119
Evoke: Wand              |     1 |       ||     1
  Use: Potion            |     3 |    10 ||    13
  Eat: Chunk             |     1 |     1 ||     2
       Bread ration      |     1 |       ||     1
